 Dungeon Crawl Stone Soup version 0.29-a0-219-g0a02b1cf4f (webtiles) character file.

Game seed: 14916116860664129493

7 wakim the Skirmisher (level 1, -1/19 HPs)
             Began as a Palentonga Fighter on Feb 25, 2022.
             Slain by a kobold
             ... wielding a +0 spear
              (4 damage)
             ... on level 1 of the Dungeon.
             The game lasted 00:00:39 (141 turns).

wakim the Skirmisher (Palentonga Fighter)            Turns: 141, Time: 00:00:40

Health: -1/19      AC:  6    Str: 19    XL:     1   Next: 83%
Magic:  1/1        EV:  7    Int:  8    God:
Gold:   0          SH:  4    Dex:  9    Spells: 0/0 levels left

rFire   . . .      SeeInvis +   a - +0 war axe
rCold   . . .      Faith    .   c - +0 buckler
rNeg    . . .      Spirit   .   b - +0 scale mail
rPois   .          Reflect  .   (no helmet)
rElec   .          Harm     .   (no cloak)
rCorr   .          Rampage  .   (no gloves)
Will    .....                   (no barding)
Stlth   ..........              (no amulet)
HPRegen 0.06/turn               (no ring)
MPRegen 0.07/turn               (no ring)

@: no status effects
A: large, rugged brown scales 3, see invisible, deformed body, roll 1, armoured
tail
a: Rolling Charge


You were on level 1 of the Dungeon.
You visited 1 branch of the dungeon, and saw 1 of its levels.

Inventory:

Hand Weapons
 a - a +0 war axe (weapon)
Missiles
 O - 5 javelins
Armour
 b - a +0 scale mail (worn)
 c - a +0 buckler (worn)
Potions
 N - a potion of might


   Skills:
 + Level 3.1 Fighting
 * Level 2.2 Axes
 + Level 2.5 Armour
 + Level 2.5 Shields


You couldn't memorise any spells.
You didn't know any spells.
Your spell library was empty.

Dungeon Overview and Level Annotations

Branches:
Dungeon (1/15)

Altars:


Innate Abilities, Weirdness & Mutations

You are completely covered in rugged brown scales. (AC +3, +7% HP)
You have supernaturally acute eyesight. (SInv)
Armour fits poorly on your strangely shaped body.
You can roll at nearby foes to attack.
You have a long armoured tail.


Message History

The kobold is moderately wounded.
The bat hits you but does no damage. The kobold closely misses you. x2
You closely miss the kobold. You block the bat's attack.
The kobold hits you with a +0 spear. 10/19 (-2)
You barely miss the kobold. The bat hits you but does no damage.
The kobold hits you with a +0 spear.
* * * LOW HITPOINT WARNING * * *
The kobold hits you with a +0 spear.
* * * LOW HITPOINT WARNING * * *
6/19 (-4)
You closely miss the kobold. You block the bat's attack.
The kobold hits you but does no damage. 7/19 (+1)
You closely miss the kobold. The bat hits you but does no damage.
The kobold hits you with a +0 spear.
* * * LOW HITPOINT WARNING * * *
The kobold hits you with a +0 spear.
* * * LOW HITPOINT WARNING * * *
3/19 (-4)
The kobold hits you but does no damage. The bat barely misses you.
Things that are here:
a +0 whip; a kobold corpse The kobold throws a stone.
The stone hits you.
* * * LOW HITPOINT WARNING * * *
2/19 (-1) Roll where?
Press: ? - help, Dir - move target, f - kobold
Aim: a kobold, wielding a +0 spear and quivering stones You roll forward with a clatter of scales!
You completely miss the kobold. The kobold hits you but does no damage.
The kobold barely misses you.
You hit the kobold.
The kobold is moderately wounded.
The kobold hits you but does no damage.
You hit the kobold.
The kobold is severely wounded.
The kobold hits you with a +0 spear.
You die...

#### ### #..##
#.# #.K.# #.#
#.#.# #.# #)#K.#
#.#####.##...
#.°.°@K.# ###..
#.###.#### ...
#.# #....# .^
#>####.#.# .
#..# #.#.# #..+
+.#.+
#.####+#+#### ..
#†#........[#...
#.#..#.8.#..#..


You could see a kobold.

Vanquished Creatures
  A hobgoblin (D:1)
  A kobold (D:1)
  2 quokkas (D:1)
  A ball python (D:1)
  A rat (D:1)
6 creatures vanquished.

Notes
Turn   | Place    | Note
-------+----------+-------------------------------------------
     0 | D:1      | wakim the Palentonga Fighter began the quest for the Orb.
     0 | D:1      | Reached XP level 1. HP: 19/19 MP: 1/1
   141 | D:1      | Slain by a kobold

Illustrated notes

Levels and vault maps discovered:
D:1:      shiori_arrival_oz, layout_rooms, chequers_ecumenical_altar_simple

Action                   || total
-------------------------++-------
Melee: War axe           ||    23
       Tailslap          ||     1
 Abil: Rolling Charge    ||     1
Armor: Scale mail        ||    15
Dodge: Dodged            ||     6
Block: Buckler           ||     3

Table legend: (Time is in decaauts)
 A = Elapsed time spent in this place.
 B = Non-inter-level travel time spent in this place.
 C = Inter-level travel time spent in this place.
 D = Time resting spent in this place.
 E = Time spent auto-exploring this place.
 F = Levels seen in this place.
 G = Mean time per level.
                   A        B        C        D        E       F      G
               +--------+--------+--------+--------+--------+-----+--------+
         Total |    150 |    150 |      0 |      0 |     79 |   1 |  150.0 |
       Dungeon |    150 |    150 |      0 |      0 |     79 |   1 |  150.0 |
               +--------+--------+--------+--------+--------+-----+--------+

Top non-repeatable levels by time:
     D:1: 150 daAuts
